 Dungeon Crawl Stone Soup version 0.20.0-10-g0535bb4 (webtiles) character file.

4505 straycat the Covert (level 10, -1/79 HPs)
             Began as a Vampire Fighter on June 6, 2017.
             Was a Follower of Yredelemnul.
             Slain by an orc warrior
             ... wielding a +0 flail
              (7 damage)
             ... on level 8 of the Dungeon.
             The game lasted 00:48:12 (9163 turns).

straycat the Covert (Vampire Fighter)               Turns: 9163, Time: 00:48:14

Health: -1/79      AC: 12    Str: 20    XL:     10   Next: 16%
Magic:  10/10      EV: 19    Int: 10    God:    Yredelemnul [*.....]
Gold:   297        SH:  9    Dex: 21    Spells: 9/9 levels left

rFire    . . .     SeeInvis +   r - -2 scimitar (curse)
rCold    . . .     Gourm    .   C - +3 buckler
rNeg     + . .     Faith    .   E - +5 ring mail of Saudots {*Slow rElec Str+2 Dex+6}
rPois    .         Spirit   .   n - +0 helmet
rElec    +         Reflect  .   (no cloak)
rCorr    .         Harm     .   h - +0 pair of gloves
MR       +....                  (no boots)
Stlth    ++++......             u - amulet of rage
Regen    0.3/turn               (no ring)
MPRegen  0.2/turn               (no ring)

@: slowed, very slow
A: fangs 3, see invisible, unbreathing
a: Bat Form, Animate Remains, Renounce Religion, Evoke Berserk Rage


You were on level 8 of the Dungeon.
You worshipped Yredelemnul.
Yredelemnul was aware of your devotion.
You were not thirsty.

You visited 2 branches of the dungeon, and saw 9 of its levels.

You collected 297 gold pieces.

Inventory:

Hand Weapons
 a - a +1 rapier
 l - a +0 hunting sling
 r - a cursed -2 scimitar (weapon)
 D - a +0 whip of freezing
 I - a +0 whip of draining
 K - a +0 shortbow
 N - a +0 hand axe of flaming
 O - a +0 trident
Missiles
 f - 426 stones
 i - 68 bolts
 q - 26 sling bullets
 s - 111 arrows
 t - 10 tomahawks (quivered)
Armour
 b - a +0 scale mail
 c - a +0 shield
 h - a +0 pair of gloves (worn)
 m - a +1 robe of magic resistance
 n - a +0 helmet (worn)
 z - a +0 cloak
 C - a +3 buckler (worn)
 E - the +5 ring mail of Saudots (worn) {*Slow rElec Str+2 Dex+6}
   (You found it on level 4 of the Dungeon)

   It affects your strength (+2).
   It affects your dexterity (+6).
   It insulates you from electricity.
   It may slow you when you take damage.
Magical Staves
 y - an uncursed staff of poison
Jewellery
 u - an amulet of rage (around neck)
Wands
 k - a wand of acid (9/15)
Scrolls
 g - 3 scrolls of teleportation
 j - 2 scrolls of recharging
 o - 2 scrolls of remove curse
 p - a scroll of fear {unknown}
Potions
 e - 6 potions of blood
 v - a potion of heal wounds
 w - 3 potions of brilliance
 x - 2 potions of lignification {unknown}
 G - a potion of agility {unknown}
Books
 H - a book of Conjurations

   Spells                             Type                      Level
   a - Magic Dart                     Conjuration                  1
   b - Searing Ray                    Conjuration                  2
   c - Dazzling Spray                 Conjuration/Hexes            3
   d - Fulminant Prism                Conjuration/Hexes            4
   e - Force Lance                    Conjuration/Translocation    4
   f - Iskenderun's Mystic Blast      Conjuration                  4


   Skills:
 * Level 7.1 Fighting
 + Level 3.5 Short Blades
 + Level 3.0 Armour
 * Level 10.5 Dodging
 + Level 10.6 Stealth
 + Level 4.4 Shields


You had 9 spell levels left.
You didn't know any spells.

Dungeon Overview and Level Annotations

Branches:
Dungeon (8/15)             Temple (1/1) D:5            Lair (0/6) D:8

Altars:
Ashenzari
Cheibriados
Dithmenos
Elyvilon
Fedhas
Gozag
Hepliaklqana
Kikubaaqudgha
Makhleb
Nemelex Xobeh
Okawaru
Qazlal
Ru
Sif Muna
Trog
Uskayaw
Vehumet
Xom
Yredelemnul
Zin
The Shining One

Shops:
D:4 ?


Innate Abilities, Weirdness & Mutations

You have razor-sharp teeth.
You have supernaturally acute eyesight. (SInv)
You can survive without breathing.


Message History

You swap places.
You swap places.
You hit the orc warrior but do no damage.
You bite the orc warrior.
The orc warrior is moderately wounded.
The orc warrior hits you with a flail!
* * * LOW HITPOINT WARNING * * *
Your warg zombie misses the orc warrior.
You swap places.
Your warg zombie completely misses the orc warrior.
The orc warrior hits you with a flail!
* * * LOW HITPOINT WARNING * * *
You feel yourself slow down.
Your warg zombie bites the orc warrior.
You hit the orc warrior but do no damage.
The orc warrior is moderately wounded.
Your warg zombie closely misses the orc warrior.
The orc warrior hits you with a flail!
You die...
Yredelemnul claims you as an undead slave.

>..##.........## ###.#
#.#...........###...##
#..............#.###.##
#.......>........# #...
#.............#.###..#
##..!P.......#.....#.#
##.).......##).#.....
##.####.....####).......
#......@oZ..#.....#.#...
....#.###.#.#.)).)#.####
. #. #.#.###.##..# #
#.#.# #.....# .$# #
####..# ..# ##.# ... .#
...# ##


You could see an orc warrior and a friendly warg zombie.

Vanquished Creatures
  Pikel (D:5)
  Prince Ribbit (D:7)
  Grinder (D:4)
  A hungry ghost (D:7)
  2 vampire mosquitoes (D:7)
  2 wargs (D:8)
  Duvessa (D:6)
  3 sky beasts (D:7)
  3 orc warriors
  An ice beast (D:7)
  3 slaves (D:5)
  An ogre (D:7)
  3 centaurs
  Dowan (D:6)
  4 scorpions
  4 killer bees (D:8)
  A howler monkey (D:4)
  A crimson imp (D:8)
  3 hounds
  A jelly (D:6)
  7 orc priests
  7 orc wizards
  4 iguanas
  6 worker ants
  A killer bee zombie (D:7)
  2 hound zombies
  A howler monkey zombie (D:7)
  Robin (D:2)
  8 adders
  5 shadow imps
  2 oozes
  An adder zombie (D:6)
  2 worms
  A dart slug (D:3)
  A leopard gecko (D:5)
  25 orcs
  A ball python (D:6)
  4 giant cockroaches
  23 goblins
  11 hobgoblins
  7 jackals
  3 quokkas
  A bat (D:3)
  12 frilled lizards
  6 kobolds
  A leopard gecko skeleton (D:5)
  A leopard gecko zombie (D:5)
  14 rats
196 creatures vanquished.

Vanquished Creatures (collateral kills)
  A two-headed ogre (D:8)
1 creature vanquished.

Vanquished Creatures (others)
  A warg skeleton (D:8)
1 creature vanquished.

Grand Total: 198 creatures vanquished

Notes
Turn   | Place    | Note
-------+----------+-------------------------------------------
     0 | D:1      | straycat the Vampire Fighter began the quest for the Orb.
     0 | D:1      | Reached XP level 1. HP: 17/17 MP: 1/1
    97 | D:1      | Reached skill level 1 in Stealth
   173 | D:1      | Reached XP level 2. HP: 18/23 MP: 2/2
   200 | D:1      | Reached skill level 1 in Dodging
   535 | D:2      | Reached XP level 3. HP: 23/28 MP: 3/3
   604 | D:2      | HP: 1/28 [poisoned by an adder]
   610 | D:2      | HP: 1/28 [poisoned by an adder]
   618 | D:2      | HP: 1/28 [poisoned by an adder]
   754 | D:2      | Noticed Robin
   765 | D:2      | Killed Robin
   940 | D:2      | Found a faded altar of an unknown god.
   963 | D:2      | Reached XP level 4. HP: 13/34 MP: 4/4
  1303 | D:2      | Found a blossoming altar of Fedhas.
  2000 | D:3      | Reached XP level 5. HP: 32/41 MP: 5/5
  2922 | D:4      | Found Miubofej's Magic Scroll Shop.
  2933 | D:4      | Noticed Grinder
  2947 | D:4      | Paralysed by Grinder for 3 turns
  2958 | D:4      | Killed Grinder
  2958 | D:4      | Reached skill level 5 in Stealth
  2958 | D:4      | Reached XP level 6. HP: 9/48 MP: 6/6
  3407 | D:4      | Reached XP level 7. HP: 41/53 MP: 7/7
  3461 | D:4      | Found a bloodstained altar of Trog.
  3468 | D:4      | Got a scorched ring mail
  3514 | D:4      | Reached skill level 5 in Dodging
  3535 | D:4      | Found a snail-covered altar of Cheibriados.
  3925 | D:4      | Identified the +5 ring mail of Saudots {*Slow rElec Str+2 Dex+6} (You found it on level 4 of the Dungeon)
  3964 | D:5      | Entered Level 5 of the Dungeon
  4961 | D:5      | Found a staircase to the Ecumenical Temple.
  4971 | Temple   | Entered the Ecumenical Temple
  5086 | Temple   | Became a worshipper of Yredelemnul the Dark
  5173 | D:6      | Reached XP level 8. HP: 61/61 MP: 8/8
  5188 | D:6      | Noticed Dowan
  5375 | D:6      | Noticed Pikel
  5432 | D:5      | Killed Pikel
  5432 | D:5      | Reached skill level 5 in Fighting
  5537 | D:6      | Noticed Duvessa
  5556 | D:6      | Killed Duvessa
  5572 | D:6      | Killed Dowan
  5927 | D:6      | Reached XP level 9. HP: 57/69 MP: 9/9
  6086 | D:6      | Reached * piety under Yredelemnul
  6231 | D:6      | Got a bloodstained ring mail
  6243 | D:6      | Identified the cursed +0 ring mail of the Sun {rElec SInv} (You found it on level 6 of the Dungeon)
  6684 | D:7      | Noticed Prince Ribbit
  7273 | D:7      | Reached skill level 10 in Dodging
  7273 | D:7      | Reached skill level 10 in Stealth
  8354 | D:7      | Killed Prince Ribbit
  9008 | D:8      | Found a staircase to the Lair.
  9029 | D:8      | Reached ** piety under Yredelemnul
  9034 | D:8      | Reached XP level 10. HP: 76/77 MP: 10/10
  9125 | D:8      | Noticed a two-headed ogre
  9131 | D:8      | Killed a two-headed ogre
  9163 | D:8      | Slain by an orc warrior

Skill      XL: |  1  2  3  4  5  6  7  8  9 10 |
---------------+-------------------------------+-----
Stealth        | 1 2 3 5 6 8 10 | 10.6
Dodging        | 1 2 3 4 6 8 10 | 10.5
Shields        | 3 4 |  4.4
Fighting       | 3 4 5 6 7 |  7.1
Short Blades   | 3 |  3.5
Armour         | 3 |  3.0

Action                   |  1- 3 |  4- 6 |  7- 9 | 10-12 || total
-------------------------+-------+-------+-------+-------++-------
Melee: Rapier            |   127 |   152 |    98 |       ||   377
       Bite              |     6 |    26 |   108 |     3 ||   143
       Dagger            |       |    47 |   189 |       ||   236
       Hand axe          |       |       |   156 |       ||   156
       Whip              |       |       |    29 |       ||    29
       Scimitar          |       |       |    60 |    18 ||    78
Throw: Tomahawk          |       |       |     5 |       ||     5
Invok: Animate Remains   |       |       |       |     2 ||     2
       Injury Mirror     |       |       |       |     1 ||     1
 Abil: Evoke Berserk Rag |       |       |     8 |       ||     8
  Use: Potion            |     7 |     5 |    26 |     1 ||    39
       Scroll            |       |       |    17 |       ||    17
 Stab: Sleeping          |       |     1 |     9 |       ||    10
  Eat: Corpse            |       |     3 |       |       ||     3
Armor: Scale mail        |    50 |    74 |     6 |       ||   130
       Ring mail         |       |       |   132 |     1 ||   133
Dodge: Dodged            |    76 |    98 |   406 |    13 ||   593
Block: Shield            |     8 |       |       |       ||     8
       Buckler           |       |       |   186 |     8 ||   194
       Rpst.: Scimitar   |       |       |    25 |     4 ||    29
